 Dungeon Crawl Stone Soup version 0.24-a0-375-g4de66ed42b (webtiles) character file.

Game seed: 12880700388393397284

43 HAL9000 the Sneak (level 3, 4/18 HPs)
             Began as a Vine Stalker Assassin on May 31, 2019.
             Quit the game on level 2 of the Dungeon.
             The game lasted 00:02:12 (1192 turns).

HAL9000 the Sneak (Vine Stalker Assassin)           Turns: 1192, Time: 00:02:13

Health: 4/18       AC:  5    Str: 12    XL:     3   Next: 58%
Magic:  4/4        EV: 17    Int: 11    God:
Gold:   47         SH:  0    Dex: 20    Spells: 2/2 levels left

rFire    . . .     SeeInvis .   a - +2 dagger
rCold    . . .     Gourm    .   (no shield)
rNeg     . . .     Faith    .   b - +0 robe
rPois    .         Spirit   +   (helmet restricted)
rElec    .         Reflect  .   c - +0 cloak
rCorr    .         Harm     .   (no gloves)
MR       .....                  (no boots)
Stlth    ++++......             (no amulet)
HPRegen  0.06/turn              m - +2 ring of protection
MPRegen  0.09/turn              (no ring)

@: agile, very slightly contaminated, invisible
A: fangs 2, horns 1, deterioration 1, weak 1, magic shield, antimagic bite, no
potion heal 3, rot immunity
a: no special abilities


You were on level 2 of the Dungeon.
You were hungry.

You visited 1 branch of the dungeon, and saw 2 of its levels.

You collected 47 gold pieces.

Inventory:

Hand Weapons
 a - a +2 dagger (weapon)
Missiles
 d - 23 poisoned darts (quivered)
 e - 2 curare-tipped darts
Armour
 b - a +0 robe (worn)
 c - a +0 cloak (worn)
Jewellery
 m - a +2 ring of protection (left hand)
Scrolls
 i - a scroll of identify {unknown}
 j - a scroll of immolation {unknown}
 k - a scroll of fear {unknown}
 l - a scroll of remove curse {unknown}
 o - a scroll of enchant weapon {unknown}
Comestibles
 f - a ration


   Skills:
 - Level 1.7 Fighting
 + Level 3.5 Short Blades
 - Level 1.7 Throwing
 - Level 0.7 Dodging
 - Level 4.8 Stealth


You had 2 spell levels left.
You didn't know any spells.
Your spell library was empty.

Dungeon Overview and Level Annotations

Branches:
Dungeon (2/15)

Altars:
Cheibriados


Innate Abilities, Weirdness & Mutations

You have extremely sharp teeth.
When hurt, damage is shared between your health and your magic reserves.
Your bite disrupts and absorbs the magic of your enemies.
Potions cannot restore your health.
You are immune to rotting.
You have a pair of small horns on your head.
Your body sometimes deteriorates upon taking damage.
You are weak. (Str -2)


Message History

You see here a scroll labeled WALAIM BYRIONAOTA.
You closely miss the bat.
The adder hisses angrily.
You headbutt the bat, but do no damage. You bite the bat. You drain its power.
You feel invigorated.
The bat is severely wounded.
The bat completely misses you.
You barely miss the bat.
The goblin shouts!
Your headbutt misses the bat. You bite the bat.
You kill the bat!
You hear an angry hiss.
You float gracefully downwards.
The adder hisses angrily.
There are monsters nearby!
The goblin completely misses you.
You hit the goblin.
You kill the goblin!
You see here a goblin corpse.
Are you sure you want to abandon this character and quit the game? (Confirm with "yes".)

####### # #.....# # .
####.....# ..#..........#
...####.....##########
...##.....†..@.....#
#.###..##########.# .
#.r............##.#
#.###.#.......#.##.##.#
#.....#...##!.#.##....#
##.#.##%..##..#.#####.# #
#.##...##..#.#####.#
##.#..?......).....##.########
.............##.##.##........#


There were no monsters in sight!

Vanquished Creatures
  An adder (D:2)
  A dart slug (D:2)
  2 giant cockroaches (D:1)
  4 goblins
  2 hobgoblins (D:1)
  4 jackals (D:1)
  4 kobolds (D:1)
  5 bats
  2 frilled lizards (D:1)
  4 rats (D:1)
29 creatures vanquished.

Notes
Turn   | Place    | Note
-------+----------+-------------------------------------------
     0 | D:1      | HAL9000 the Vine Stalker Assassin began the quest for the
                  | Orb.
     0 | D:1      | Reached XP level 1. HP: 11/11 MP: 2/2
    85 | D:1      | Reached XP level 2. HP: 14/15 MP: 3/3
   379 | D:1      | You fall into a shaft and drop 1 floor!
   387 | D:2      | Found a snail-covered altar of Cheibriados.
   411 | D:1      | Reached XP level 3. HP: 18/18 MP: 4/4
  1144 | D:2      | Gained mutation: Your body sometimes deteriorates upon
                  | taking damage. [potion of mutation]
  1144 | D:2      | Gained mutation: You are weak. (Str -2) [potion of
                  | mutation]
  1144 | D:2      | Gained mutation: You have a pair of small horns on your
                  | head. [potion of mutation]
  1192 | D:2      | Quit the game

Levels and vault maps discovered:
D:1:      mrwooster_arrival_statue, layout_loops_ring,
          chequers_serial_rivers_micro_e
D:2:      layout_loops_ring, kennysheep_slug_shrine, first_ration

Skill      XL: |  1  2 |
---------------+-------+-----
Short Blades   | 2 3 |  3.5
Fighting       | |  1.7
Throwing       | |  1.7
Dodging        | |  0.7
Stealth        | |  4.8

Action                   || total
-------------------------++-------
Melee: Dagger            ||    74
       Bite              ||    15
       Headbutt          ||     1
  Use: Potion            ||     4
 Stab: Sleeping          ||     6
Armor: Robe              ||    33
Dodge: Dodged            ||    61

Table legend:
 A = Non-vault XP
 B = Vault XP
 C = Vault XP percentage of total XP
 D = Non-vault monster count
 E = Vault monster count
 F = Vault count percentage of total count
                 A         B        C        D         E       F
            +---------+---------+-------+---------+---------+-------
      Total |      62 |       0 |   0.0 |      29 |       0 |   0.0
            +---------+---------+-------+---------+---------+-------
        D:1 |      41 |       0 |   0.0 |      25 |       0 |   0.0
        D:2 |      21 |       0 |   0.0 |       4 |       0 |   0.0
            +---------+---------+-------+---------+---------+-------
